 Dungeon Crawl Stone Soup version 0.23-a0-550-g7de1f8e (webtiles) character file.

1565 DancingWithDeath the Covert (level 8, -2/41 HPs)
             Began as a Deep Elf Enchanter on Dec 8, 2018.
             Was a Follower of Uskayaw.
             Slain by an orc
             ... wielding a +0 morningstar
              (9 damage)
             ... on level 5 of the Dungeon.
             The game lasted 00:14:04 (8626 turns).

DancingWithDeath the Covert (Deep Elf Enchanter)    Turns: 8626, Time: 00:14:04

Health: -2/41      AC:  8    Str:  5    XL:     8   Next: 59%
Magic:  20/20      EV: 13    Int: 21    God:    Uskayaw [*.....]
Gold:   99         SH:  0    Dex: 17    Spells: 8/20 levels left

rFire    . . .     SeeInvis .   a - +1 dagger
rCold    . . .     Gourm    .   (no shield)
rNeg     + . .     Faith    .   d - +2 robe {rN+}
rPois    +         Spirit   .   s - +2 helmet
rElec    .         Reflect  .   (no cloak)
rCorr    .         Harm     .   l - +0 pair of gloves
MR       .....                  (no boots)
Stlth    ++++......             (no amulet)
HPRegen  0.13/turn              w - ring of poison resistance
MPRegen  0.17/turn              n - ring of wizardry

@: no status effects
A: no striking features
a: Stomp, Renounce Religion


You were on level 5 of the Dungeon.
You worshipped Uskayaw.
Uskayaw was noncommittal.
You were not hungry.

You visited 2 branches of the dungeon, and saw 7 of its levels.

You collected 294 gold pieces.
You spent 195 gold pieces at shops.

Inventory:

Hand Weapons
 a - a +1 dagger (weapon)
 b - a +0 dagger of speed
Armour
 d - a +2 robe of positive energy (worn)
 l - a +0 pair of gloves (worn)
 s - a +2 helmet (worn)
Jewellery
 g - an uncursed ring of protection from fire
 n - a ring of wizardry (right hand)
 q - a +3 ring of strength
 w - a ring of poison resistance (left hand)
Wands
 t - a wand of flame (22)
 v - a wand of digging (6)
 y - a wand of acid (3)
Scrolls
 e - 3 scrolls of enchant weapon
 f - 4 scrolls of remove curse
 h - 2 scrolls of amnesia
 i - a scroll of immolation {unknown}
 o - 2 scrolls of fog {unknown}
 p - a scroll of random uselessness {unknown}
 u - 2 scrolls of enchant armour
 C - a scroll of teleportation
 F - a scroll of identify
Potions
 j - a potion of degeneration {!q!q}
 k - a potion of brilliance
 m - a potion of haste
 r - a potion of lignification {!q}
 x - 2 potions of flight
 z - 4 potions of curing
 A - 2 potions of agility
 B - a potion of invisibility
 D - 2 potions of berserk rage
 E - 3 potions of heal wounds
 G - a potion of mutation {unknown}
Comestibles
 c - 11 rations
 H - a chunk of flesh


   Skills:
 + Level 4.7 Short Blades
 - Level 2.4 Dodging
 * Level 9.7 Stealth
 + Level 6.9 Spellcasting
 + Level 7.4 Hexes


You had 8 spell levels left.
You knew the following spells:

 Your Spells              Type           Power        Failure   Level  Hunger
a - Ensorcelled Hibernat  Hex/Ice        ###...       1%          2    None
b - Confuse               Hex            #####...     1%          3    #......
c - Corona                Hex            #####..      1%          1    None
d - Tukima's Dance        Hex            #####...     1%          3    #......
e - Dazzling Spray        Conj/Hex       ###...       2%          3    #......

Your spell library contained the following spells:

 Spells                   Type           Power        Failure   Level  Hunger


Dungeon Overview and Level Annotations

Branches:
Dungeon (6/15)             Temple (1/1) D:4

Altars:
Ashenzari
Cheibriados
Elyvilon
Fedhas
Hepliaklqana
Kikubaaqudgha
Makhleb
Nemelex Xobeh
Okawaru
Qazlal
Sif Muna
Trog
Uskayaw
Vehumet
Wu Jian
Xom
Yredelemnul
Zin
The Shining One

Shops:
D:4 !


Message History

The orc hits you with a +0 morningstar! The orc warrior misses you.
You climb upwards.
There is a stone staircase leading down here.
You are too injured to fight recklessly!
You are too injured to fight recklessly!
You are too injured to fight recklessly!
You closely miss the orc.
The orc is lightly wounded.
You hit the orc but do no damage.
The orc is lightly wounded.
The orc hits you with a +0 morningstar!
You closely miss the orc.
The orc is lightly wounded.
The orc barely misses you.
You hit the orc but do no damage.
The orc is lightly wounded.
The orc hits you with a +0 morningstar!
* * * LOW HITPOINT WARNING * * *
The orc hits you with a +0 morningstar!
You die...

##.##.....[#.[.##..# #.# #.#
#...'..........##..# #.# #.#
#..##..........##..# ###.# #.#
#..#######.....##..# #...# #.#
#..#######..#..##..# #.#.# #.#
............#..##..###.#.# #.#
#..########.#............# #.#
#..##................#.#.# #.#
#..######.#.##>o@.##.#.#.# #.#
#..# #.#.#####.##.#.#.####.###
#..######...#####.##.#.#.........
..................##.#.#.####.###
#..######...#.....##..........###
#..# #...#.######.#.#........#
#..# #...#.# ####.#...........
...# #...#.# #....###.########
...######...#.# ####.# #.# #


You could see an orc.

Vanquished Creatures
  Sigmund (D:2)
  Duvessa (D:5)
  An ice beast (D:6)
  2 ogres
  A sky beast (D:5)
  Blork the orc (D:5)
  Dowan (D:5)
  A crimson imp (D:5)
  2 howler monkeys
  2 orc priests
  A jelly (D:5)
  A gnoll shaman (D:4)
  3 orc wizards
  2 centaur skeletons
  Crazy Yiuf (D:3)
  Jessica (D:3)
  An iguana (D:4)
  A worker ant (D:4)
  Ijyb (D:3)
  Robin (D:2)
  9 gnolls
  11 adders
  An adder zombie (D:5)
  2 worms (D:3)
  2 dart slugs (D:1)
  4 leopard geckos
  8 orcs
  6 bats
  4 giant cockroaches
  14 goblins
  11 hobgoblins
  10 jackals
  5 kobolds
  5 quokkas
  A ball python (D:3)
  4 frilled lizards
  A quokka skeleton (D:4)
  4 rats
128 creatures vanquished.

Vanquished Creatures (collateral kills)
  An ogre (D:5)
  An orc (D:5)
2 creatures vanquished.

Grand Total: 130 creatures vanquished

Notes
Turn   | Place    | Note
-------+----------+-------------------------------------------
     0 | D:1      | DancingWithDeath the Deep Elf Enchanter began the quest for
                  | the Orb.
     0 | D:1      | Reached XP level 1. HP: 10/10 MP: 6/6
   471 | D:1      | Reached skill level 4 in Stealth
   471 | D:1      | Reached XP level 2. HP: 6/15 MP: 8/8
   708 | D:1      | HP: 2/22 [goblin/+0 club (1)]
   973 | D:1      | Learned a level 2 spell: Ensorcelled Hibernation
  1315 | D:1      | Reached XP level 3. HP: 16/19 MP: 9/9
  1992 | D:2      | Learned a level 3 spell: Confuse
  1996 | D:2      | Learned a level 3 spell: Tukima's Dance
  2017 | D:2      | Noticed Robin
  2682 | D:2      | Reached XP level 4. HP: 24/24 MP: 4/11
  2821 | D:2      | Reached skill level 5 in Stealth
  2836 | D:2      | Killed Robin
  3369 | D:2      | Noticed Sigmund
  3373 | D:2      | Killed Sigmund
  3373 | D:2      | Reached skill level 6 in Stealth
  3373 | D:2      | Reached skill level 5 in Hexes
  3373 | D:2      | Reached XP level 5. HP: 28/28 MP: 9/13
  3409 | D:2      | Learned a level 3 spell: Dazzling Spray
  3491 | D:2      | Reached XP level 6. HP: 32/32 MP: 11/14
  3706 | D:2      | Found a hide-covered altar of Uskayaw.
  3735 | D:2      | Found a hazy altar of Hepliaklqana.
  3742 | D:2      | Found a bloodstained altar of Trog.
  3742 | D:2      | Found an ancient bone altar of Kikubaaqudgha.
  3742 | D:2      | Found a glowing golden altar of the Shining One.
  3744 | D:2      | Became a worshipper of Uskayaw the Reveler
  3746 | D:2      | Found a sparkling altar of Nemelex Xobeh.
  3912 | D:3      | Reached * piety under Uskayaw
  3923 | D:3      | Noticed Jessica
  3927 | D:3      | Killed Jessica
  4119 | D:3      | Reached ** piety under Uskayaw
  4480 | D:3      | Noticed Ijyb
  4483 | D:3      | Killed Ijyb
  4985 | D:3      | Found a runed door.
  4989 | D:3      | Noticed Crazy Yiuf
  4993 | D:3      | Killed Crazy Yiuf
  4993 | D:3      | Reached skill level 5 in Spellcasting
  5049 | D:4      | Reached skill level 7 in Stealth
  5062 | D:4      | Found Adiub's Distillery.
  5223 | D:4      | Bought a potion of agility for 52 gold pieces
  5223 | D:4      | Bought a potion of curing for 39 gold pieces
  5223 | D:4      | Bought a potion of invisibility for 104 gold pieces
  5299 | D:4      | Found a staircase to the Ecumenical Temple.
  5315 | D:4      | Reached XP level 7. HP: 36/36 MP: 13/16
  5376 | Temple   | Entered the Ecumenical Temple
  6220 | D:4      | Found a deep blue altar of Sif Muna.
  6311 | D:4      | Reached skill level 8 in Stealth
  6431 | D:4      | Found a shimmering altar of Xom.
  7256 | D:5      | Entered Level 5 of the Dungeon
  7256 | D:5      | Noticed Dowan
  7261 | D:5      | Noticed Duvessa
  7262 | D:5      | Killed Dowan
  7315 | D:5      | Reached *** piety under Uskayaw
  7322 | D:5      | Killed Duvessa
  7322 | D:5      | Reached XP level 8. HP: 40/41 MP: 13/19
  7422 | D:5      | Reached skill level 9 in Stealth
  8147 | D:5      | Noticed Blork the orc
  8153 | D:5      | Killed Blork the orc
  8626 | D:5      | Slain by an orc

Vault maps used:
D:1:      sevenhm_arrival_forest_fort_large_2
D:2:      minitemple, uniq_sigmund, uniq_robin
D:3:      first_ration, uniq_crazy_yiuf_cottage, uniq_ijyb, uniq_jessica
D:4:      kennysheep_little_box, minmay_temple_entry_wispy, serial_shops, shop,
          led_sif_pool
D:5:      st_stairs_12, uniq_duvessa, uniq_blork_the_orc
D:6:      grunt_dithmenos_shadows, uniq_pikel
Temple:   minmay_temple_forest_path

Skill      XL: |  1  2  3  4  5  6  7  8 |
---------------+-------------------------+-----
Stealth        | 4 6 7 8 9 |  9.7
Short Blades   | 2 3 4 |  4.7
Spellcasting   | 4 5 6 |  6.9
Hexes          | 5 6 7 |  7.4
Dodging        | |  2.4

Action                   |  1- 3 |  4- 6 |  7- 9 || total
-------------------------+-------+-------+-------++-------
Melee: Dagger            |   135 |    85 |   122 ||   342
 Cast: Corona            |     1 |       |       ||     1
       Ensorcelled Hiber |    29 |    44 |    49 ||   122
       Confuse           |       |     6 |     4 ||    10
       Dazzling Spray    |       |       |     1 ||     1
       Tukima's Dance    |       |       |     1 ||     1
Invok: Line Pass         |       |       |     1 ||     1
Evoke: Wand              |       |       |     2 ||     2
  Use: Potion            |     2 |       |     1 ||     3
       Scroll            |       |     8 |     5 ||    13
 Stab: Sleeping          |    20 |    36 |    37 ||    93
       Confused          |       |     1 |     3 ||     4
  Eat: Chunk             |     6 |     9 |    11 ||    26
Armor: Robe              |    16 |    16 |    15 ||    47
Dodge: Dodged            |   102 |    60 |    54 ||   216

Table legend:
 A = Non-vault XP
 B = Vault XP
 C = Vault XP percentage of total XP
 D = Non-vault monster count
 E = Vault monster count
 F = Vault count percentage of total count
                 A         B        C        D         E       F
            +---------+---------+-------+---------+---------+-------
      Total |    1532 |     705 |  31.5 |     111 |      19 |  14.6
            +---------+---------+-------+---------+---------+-------
        D:1 |      47 |      14 |  23.0 |      22 |       8 |  26.7
        D:2 |     127 |     238 |  65.2 |      22 |       4 |  15.4
        D:3 |     130 |     110 |  45.8 |      25 |       3 |  10.7
        D:4 |     500 |       0 |   0.0 |      22 |       0 |   0.0
        D:5 |     597 |     343 |  36.5 |      18 |       4 |  18.2
        D:6 |     131 |       0 |   0.0 |       2 |       0 |   0.0
            +---------+---------+-------+---------+---------+-------
